 Dungeon Crawl Stone Soup version 0.27.0-1-g7a089689b8 (console) character file.

Game seed: 3002753351765075018

53 jejorda2 the Vexing (level 3, -8/16 HPs)
             Began as a Felid Enchanter on July 31, 2021.
             Mangled by Crazy Yiuf (18 damage)
             ... on level 2 of the Dungeon.
             The game lasted 00:07:47 (2340 turns).

jejorda2 the Vexing (Felid Enchanter)               Turns: 2340, Time: 00:07:47

Health: -8/16      AC:  1    Str:  4    XL:     3   Next: 64%
Magic:  1/7        EV: 17    Int: 17    God:
Gold:   59         SH:  0    Dex: 16    Spells: 3/6 levels left
                                        Lives:  0   Deaths: 0

rFire    . . .     SeeInvis +     - Unarmed
rCold    . . .     Faith    +   (shield unavailable)
rNeg     . . .     Spirit   .   (armour unavailable)
rPois    .         Reflect  .   (helmet unavailable)
rElec    .         Harm     .   (cloak unavailable)
rCorr    .         Rampage  .   (gloves unavailable)
Will     .....                  (boots unavailable)
Stlth    +++.......             d - amulet of faith
HPRegen  0.05/turn              (no ring)
MPRegen  0.10/turn              (no ring)

@: quick
A: very small, claws 1, fangs 3, see invisible, speed 1, shaggy fur 1, stealthy
paws, no weapons or thrown items, no armour, multi-lived
a: no special abilities


You were on level 2 of the Dungeon.
You visited 1 branch of the dungeon, and saw 2 of its levels.

You collected 59 gold pieces.

Inventory:

Jewellery
 d - an amulet of faith (around neck)
Scrolls
 c - a scroll of amnesia {unknown}
 e - a scroll of acquirement {unknown}
 f - a scroll of fear {unknown}
Potions
 a - a potion of ambrosia {unknown}
 b - a potion of berserk rage {unknown}
 g - a potion of heal wounds {unknown}


   Skills:
 + Level 1.7 Fighting
 - Level 2.6 Dodging
 - Level 4.0 Stealth
 + Level 2.1 Unarmed Combat
 - Level 2.0 Spellcasting
 - Level 4.4 Hexes
 * Level 1.5 Ice Magic


You had 3 spell levels left.
You knew the following spells:

 Your Spells              Type           Power      Damage    Failure   Level
a - Corona                Hex            17%        N/A       3%          1
b - Ensorcelled Hibernat  Hex/Ice        22%        N/A       9%          2

Your spell library contained the following spells:

 Spells                   Type           Power      Damage    Failure   Level
 Confusing Touch          Hex            16%        N/A       10%         3
 Tukima's Dance           Hex            16%        N/A       10%         3
 Dazzling Flash           Conj/Hex       18%        N/A       24%         3


Dungeon Overview and Level Annotations

Branches:
Dungeon (2/15)

Altars:

Annotations:
D:2 Crazy Yiuf


Innate Abilities, Weirdness & Mutations

You have sharp claws.
You have razor-sharp teeth.
You have supernaturally acute eyesight. (SInv)
You cover ground quickly. (Speed+)
You are covered in fur. (AC +1)
Your paws help you pounce on unaware monsters.
You are incapable of wielding weapons or throwing items.
You cannot wear armour.
You gain extra lives every three experience levels.


Message History

Press: ? - help, Shift-Dir - straight line, f - you, p - Crazy Yiuf
Okay, then.
Unknown command.
Unknown command.
Unknown command.
Casting: Ensorcelled Hibernation (safe; 9% risk of failure)
Confirm with . or Enter, or press ? or * to list all spells.
Aiming: Ensorcelled Hibernation (safe; 9% risk of failure)
Press: ? - help, Shift-Dir - straight line, f/p - Crazy Yiuf
Aim: Crazy Yiuf, wielding a +3 quarterstaff of chaos and wearing a +0 cloak (heavily wounded, chance to affect: 50%) Crazy Yiuf looks drowsy...
Crazy Yiuf misses you.
There is an escape hatch in the floor here.
Crazy Yiuf flaps his cloak.
You see here a ball python skeleton.
Crazy Yiuf whimpers, "Orb Xom ragdoll!"
Casting: Ensorcelled Hibernation (safe; 9% risk of failure)
Confirm with . or Enter, or press ? or * to list all spells.
Aiming: Ensorcelled Hibernation (safe; 9% risk of failure)
Press: ? - help, Shift-Dir - straight line, f/p - Crazy Yiuf
Aim: Crazy Yiuf, wielding a +3 quarterstaff of chaos and wearing a +0 cloak (moderately wounded, chance to affect: 50%) Crazy Yiuf resists with some effort.
Casting: Ensorcelled Hibernation (safe; 9% risk of failure)
Confirm with . or Enter, or press ? or * to list all spells.
Aiming: Ensorcelled Hibernation (safe; 9% risk of failure)
Press: ? - help, Shift-Dir - straight line, f/p - Crazy Yiuf
Aim: Crazy Yiuf, wielding a +3 quarterstaff of chaos and wearing a +0 cloak (moderately wounded, chance to affect: 50%) Crazy Yiuf resists with some effort.
Casting: Ensorcelled Hibernation (safe; 9% risk of failure)
Confirm with . or Enter, or press ? or * to list all spells.
Aiming: Ensorcelled Hibernation (safe; 9% risk of failure)
Press: ? - help, Shift-Dir - straight line, f/p - Crazy Yiuf
Aim: Crazy Yiuf, wielding a +3 quarterstaff of chaos and wearing a +0 cloak (moderately wounded, chance to affect: 50%) Crazy Yiuf looks drowsy...
The helpless Crazy Yiuf fails to defend himself.
You claw Crazy Yiuf!
Crazy Yiuf is almost dead.
Crazy Yiuf hits you with a +3 quarterstaff of chaos!!
Ouch! That really hurt!
You die...

. # ###.<#### .# #.
#..# .# #. #.## .###.#
#.# ###.. ..# #)# #.#
#.######.# ###.#
#........########
....#
#..#####.........
##g.# #..# #@.#######
#..#####..# #g...#
##.........######.#.#
.............รท....#(#
##.........########.#
#.........# #.#
#.........# #.#
#.........# #.#
#####.##### #.#


You could see Crazy Yiuf.

Vanquished Creatures
  Natasha (D:2)
  A dart slug (D:1)
  An orc (D:2)
  A bat (D:1)
  An endoplasm (D:1)
  2 giant cockroaches
  2 goblins (D:1)
  2 hobgoblins (D:1)
  4 jackals (D:1)
  2 kobolds (D:1)
  2 quokkas
  2 ball pythons
  A frilled lizard (D:1)
  A rat (D:1)
23 creatures vanquished.

Vanquished Creatures (others)
  A fungus (D:2)
1 creature vanquished.

Grand Total: 24 creatures vanquished

Notes
Turn   | Place    | Note
-------+----------+-------------------------------------------
     0 | D:1      | jejorda2 the Felid Enchanter began the quest for the Orb.
     0 | D:1      | Reached XP level 1. HP: 7/7 MP: 4/4
   565 | D:1      | Reached skill level 1 in Fighting
   819 | D:1      | Reached XP level 2. HP: 7/12 MP: 6/6
   822 | D:1      | Learned a level 2 spell: Ensorcelled Hibernation
  1859 | D:2      | Reached skill level 1 in Ice Magic
  1925 | D:2      | Noticed Natasha
  1934 | D:2      | Killed Natasha
  1935 | D:2      | Reached XP level 3. HP: 6/16 MP: 0/7
  2262 | D:2      | Found a runed translucent door.
  2263 | D:2      | Noticed Crazy Yiuf
  2340 | D:2      | Mangled by Crazy Yiuf

Illustrated notes

Levels and vault maps discovered:
D:1:      psy_arrival_conway, layout_basic
D:2:      layout_loops_ring, nicolae_underground_beach, uniq_crazy_yiuf_cottage,
          uniq_natasha

Skill      XL: |  1  2 |
---------------+-------+-----
Fighting       | 1 |  1.7
Ice Magic      | 1 |  1.5
Unarmed Combat | 2 |  2.1
Dodging        | |  2.6
Stealth        | |  4.0
Spellcasting   | |  2.0
Hexes          | |  4.4

Action                   || total
-------------------------++-------
Melee: Unarmed           ||    73
       Bite              ||     5
 Cast: Corona            ||     4
       Ensorcelled Hiber ||    20
 Stab: Sleeping          ||    15
Armor: Skin              ||     4
Dodge: Dodged            ||    50
